 Dungeon Crawl Stone Soup version 0.27.1-33-g824d729ab1 (webtiles) character file.

Game seed: 880761683950753500

198 djsenpai the Covered (level 5, -8/47 HPs)
             Began as a Minotaur Fighter on Dec 11, 2021.
             Killed by divine providence
             ... invoked by an orc priest
              (12 damage)
             ... on level 4 of the Dungeon.
             The game lasted 00:05:27 (3177 turns).

djsenpai the Covered (Minotaur Fighter)             Turns: 3177, Time: 00:05:28

Health: -8/47      AC: 12    Str: 21    XL:     5   Next: 47%
Magic:  4/4        EV:  6    Int:  5    God:
Gold:   112        SH:  9    Dex: 10    Spells: 4/4 levels left

rFire    . . .     SeeInvis .   a - +0 war axe
rCold    . . .     Faith    .   c - +0 kite shield
rNeg     . . .     Spirit   .   q - +3 chain mail
rPois    .         Reflect  .   (helmet restricted)
rElec    .         Harm     .   (no cloak)
rCorr    .         Rampage  .   (no gloves)
Will     .....                  (no boots)
Stlth    ..........             (no amulet)
HPRegen  0.15/turn              (no ring)
MPRegen  0.09/turn              (no ring)

@: no status effects
A: horns 2, retaliatory headbutt
a: no special abilities


You were on level 4 of the Dungeon.
You visited 1 branch of the dungeon, and saw 4 of its levels.

You collected 112 gold pieces.

Inventory:

Hand Weapons
 a - a +0 war axe (weapon)
Armour
 c - a +0 kite shield (worn)
 q - a +3 chain mail (worn)
Wands
 p - a wand of iceblast (9)
Scrolls
 f - a scroll of magic mapping {unknown}
 g - 3 scrolls of identify {unknown}
 i - 2 scrolls of noise {unknown}
 j - a scroll of teleportation {unknown}
 k - a scroll of acquirement {unknown}
 l - a scroll of fear {unknown}
 n - 2 scrolls of amnesia {unknown}
 o - a scroll of torment {unknown}
Potions
 d - a potion of might
 e - 2 potions of mutation {unknown}
 h - a potion of degeneration {unknown}
 m - a potion of attraction {unknown}


   Skills:
 + Level 4.3 Fighting
 + Level 4.2 Axes
 + Level 4.9 Armour
 + Level 0.8 Dodging
 + Level 0.5 Stealth
 + Level 4.8 Shields


You had 4 spell levels left.
You didn't know any spells.
Your spell library was empty.

Dungeon Overview and Level Annotations

Branches:
Dungeon (4/15)
 Temple: D:4-7

Altars:
Ashenzari
Hepliaklqana

Shops:
D:1 ?

Annotations:
D:3 3 runed translucent doors, Jack47's ghost, amateur HOMo; Kae's ghost, amateur DrCj; SensoryNuts's ghost, amateur DrMo


Innate Abilities, Weirdness & Mutations

You have a pair of horns on your head.
You reflexively headbutt those who attack you in melee.


Message History

You hear some strange, mumbled words.
You are confused.
The orc priest invokes the aid of Beogh against you.
Beogh smites you!
You bump into the rock wall.
Something hits you but does no damage.
The orc priest hits you but does no damage.
Something hits you but does no damage.
You bump into the rock wall.
You bump into the rock wall.
Something hits you.
The orc priest hits you but does no damage.
You barely miss something. Your headbutt misses something.
You hit the orc priest but do no damage.
Something hits you but does no damage.
The orc priest hits you but does no damage.
Something hits you but does no damage. The orc priest completely misses you.
You miss the orc priest.
The orc priest is heavily wounded.
You barely miss something.
You feel less confused. Something hits you but does no damage.
You block the orc priest's attack.
You hit the orc priest.
The orc priest is almost dead.
You miss something. Something hits you but does no damage.
The orc priest invokes the aid of Beogh against you.
Beogh smites you! Something hits you.
* * * LOW HITPOINT WARNING * * *
The orc priest mumbles some strange prayers to Beogh against you.
Beogh smites you!
* * * LOW HITPOINT WARNING * * *
You closely miss the orc priest. Your headbutt misses the orc priest.
The orc priest is almost dead.
Your chain mail prevents you from hitting something.
Something hits you but does no damage. You block the orc priest's attack.
You closely miss the orc priest.
The orc priest is almost dead.
You closely miss something. Something hits you but does no damage.
You block the orc priest's attack. Something hits you but does no damage.
The orc priest invokes the aid of Beogh against you.
Beogh smites you!
You die...

.. ..########
.........# ##
#.......# .<
+.......# #.
#.......# ## #.
##+#......<#
##..##.##..#.......#
+.....{@#..#.[.....#
#......o#..#.....†.#
#.......)..'.......#
##.....#####.......#
#..... #.......#
....... #.......#
....... #.......#
##..... .........#
###### ..########


You could see an orc priest.

Vanquished Creatures
  Jessica (D:2)
  Terence (D:3)
  Natasha (thrice) (D:2)
  2 adders
  An adder skeleton (D:4)
  2 worms
  An orc (D:4)
  5 endoplasms
  2 giant cockroaches
  2 hobgoblins
  A quokka (D:3)
  3 ball pythons (D:1)
  5 bats
  5 frilled lizards (D:1)
  7 goblins
  4 kobolds
  6 rats
51 creatures vanquished.

Vanquished Creatures (others)
  A plant (D:3)
1 creature vanquished.

Grand Total: 52 creatures vanquished

Notes
Turn   | Place    | Note
-------+----------+-------------------------------------------
     0 | D:1      | djsenpai the Minotaur Fighter began the quest for the Orb.
     0 | D:1      | Reached XP level 1. HP: 19/19 MP: 0/0
   139 | D:1      | Found Wiyr's Magic Scroll Shop.
   285 | D:1      | Reached XP level 2. HP: 26/27 MP: 1/1
  1317 | D:2      | Noticed Jessica
  1322 | D:2      | Killed Jessica
  1323 | D:2      | Reached XP level 3. HP: 33/33 MP: 2/2
  1365 | D:2      | Noticed Natasha
  1383 | D:2      | Killed Natasha
  1384 | D:2      | Reached XP level 4. HP: 11/40 MP: 3/3
  1711 | D:2      | Found a broken altar of Ashenzari.
  1742 | D:2      | Noticed Natasha
  1748 | D:2      | Killed Natasha
  1778 | D:2      | Noticed Natasha
  1786 | D:2      | Killed Natasha
  1787 | D:2      | Reached XP level 5. HP: 42/47 MP: 4/4
  1986 | D:2      | Found a faded altar of an unknown god.
  2175 | D:3      | Found a runed translucent gate.
  2175 | D:3      | Found a runed translucent gate.
  2176 | D:3      | Found a runed translucent gate.
  2178 | D:3      | Noticed Kae's ghost (amateur DrCj)
  2348 | D:3      | Found a hazy altar of Hepliaklqana.
  2386 | D:3      | Noticed Terence
  2394 | D:3      | Killed Terence
  2633 | D:3      | Found a broken altar of Ashenzari.
  2637 | D:3      | Saw a vision of the Swamp and the Snake Pit.
  2637 | D:3      | Noticed a goliath frog
  2637 | D:3      | Noticed a will-o-the-wisp
  2637 | D:3      | Noticed a black mamba
  2637 | D:3      | Noticed a swamp drake
  2637 | D:3      | Noticed a naga
  2637 | D:3      | Noticed a will-o-the-wisp
  2637 | D:3      | Noticed a salamander
  2638 | D:3      | Noticed a will-o-the-wisp
  2638 | D:3      | Noticed a black mamba
  2880 | D:3      | Noticed SensoryNuts's ghost (amateur DrMo)
  2880 | D:3      | Noticed Jack47's ghost (amateur HOMo)
  3177 | D:4      | Killed from afar by an orc priest

Illustrated notes

Levels and vault maps discovered:
D:1:      dpeg_arrival_snail, layout_loops_corners, serial_shops,
          nicolae_square_shop
D:2:      layout_loops_ring, shapermc_ecumenical_altar_starsandcircs,
          basic_altar, minivault_24, uniq_natasha, uniq_jessica
D:3:      layout_loops_ring, grunt_ashenzari_visionary
          [grunt_ashenzari_visionary_swamp, grunt_ashenzari_visionary_snake],
          nzn_hepliaklqana_mist_gate, gammafunk_ghost_cemetery, uniq_terence
D:4:      layout_gridville, mainiacjoe_overflow_cross_hatched, serial_shops,
          shop_statue, serial_park_tiny_1

Skill      XL: |  1  2  3  4  5 |
---------------+----------------+-----
Fighting       | 4 |  4.3
Shields        | 4 |  4.8
Axes           | 3 4 |  4.2
Armour         | 4 |  4.9
Dodging        | |  0.8
Stealth        | |  0.5

Action                   |  1- 3 |  4- 6 || total
-------------------------+-------+-------++-------
Melee: War axe           |    83 |    61 ||   144
       Headbutt          |    12 |     6 ||    18
Armor: Scale mail        |    38 |    16 ||    54
       Chain mail        |       |    13 ||    13
Dodge: Dodged            |    25 |    19 ||    44
Block: Kite shield       |    51 |    29 ||    80
